AoeStats
← CLAY27

QS Arena

503260470Analyzed
4v4 RM · 1mo ago on Aug 30, 2026· 15m 49s· 8 players
Game mode
Random Map
Map size
Large (8 player)
Population
200
Speed
Normal
Resources
Standard
Victory
Conquest
Starting age
Dark Age
Ending age
Imperial Age
RankedLock teamsTeams togetherTeam positionsShared explorationLock speedFull tech treeHidden civsTurbo modeCheats
Victory
Defeat
🇦🇷 Bulgarians · Argentina
1109
+11
🇨🇱 Persians · Chile
1088
+12
🇦🇷 Cumans · Argentina
1020
+15
🇷🇺 Wu · Russia
970
+17
🇲🇽 Vietnamese · Mexico
1031
-15
🇵🇪 Teutons · Peru
1014
-15
🇧🇪 Turks · Belgium
978
-20
975
-13
CLAY27
8:59 Feudal Age
7:17 Loom
13:42 Castle Age
15:58 Wheelbarrow
Aegon the first of his name
9:41 Feudal Age
11:29 Gold Mining
12:17 Forging
12:08 Scale Mail Armor
barbeytus
8:34 Feudal Age
12:17 Castle Age
10:48 Double-Bit Axe
10:48 Horse Collar
Covid-19
8:14 Feudal Age
12:38 Castle Age
10:47 Double-Bit Axe
11:31 Gold Mining
mathias.olmos.r
8:01 Feudal Age
12:15 Castle Age
10:21 Double-Bit Axe
11:00 Horse Collar
13:12 Loom
Nwelt
7:00 Loom
10:07 Feudal Age
10:49 Horse Collar
11:05 Double-Bit Axe
16:02 Castle Age
NACHO P
5:00 Loom
7:30 Feudal Age
8:31 Double-Bit Axe
9:15 Fletching
9:52 Padded Archer Armor
10:22 Gold Mining
agustinolivares7
2:03 Loom
8:03 Feudal Age
9:07 Double-Bit Axe
11:38 Horse Collar
12:04 Arson
12:32 Scale Mail Armor
Connection lost

Rejoining the realm…

Still unreachable

The connection could not be restored.

Session expired

The server has moved on; the page needs a fresh start.